 Dungeon Crawl Stone Soup version 0.24-a0-479-g9a978d2894 (webtiles) character file.

Game seed: 5331951161320108327

8627 PgLoLo the Cleaver (level 11, -3/88 (89) HPs)
             Began as a Formicid Fighter on July 5, 2019.
             Was an Elder of Okawaru.
             Slain by a bone dragon (15 damage)
             ... on level 1 of the Abyss on July 6, 2019.
             The game lasted 00:25:24 (10337 turns).

PgLoLo the Cleaver (Formicid Fighter)              Turns: 10337, Time: 00:25:25

HP:   -3/88 (89)    AC: 15    Str: 23    XL:     11   Next: 59%
MP:   9/11          EV: 12    Int: 13    God:    Okawaru [****..]
Gold: 674           SH: 14    Dex: 11    Spells: 10/10 levels left

rFire    . . .     SeeInvis +   a - +10 whip of Jothrugo {drain, rPois}
rCold    . . .     Gourm    .   c - +0 shield
rNeg     . . .     Faith    .   u - +4 scale mail
rPois    +         Spirit   .   (helmet unavailable)
rElec    .         Reflect  .   E - +0 cloak
rCorr    .         Harm     .   (no gloves)
MR       ++...                  (no boots)
Stlth    +.........             L - amulet of regeneration
HPRegen  0.64/turn              J - ring of protection from magic
MPRegen  0.12/turn              M - +5 ring of intelligence

@: heroism
A: permanent stasis, dig shafts and tunnels, four strong arms, antennae 3
a: Dig, Shaft Self, Heroism, Renounce Religion


You were on level 1 of the Abyss.
You worshipped Okawaru.
Okawaru was greatly pleased with you.
You were hungry.

You visited 2 branches of the dungeon, and saw 11 of its levels.
You visited the Abyss 1 time.

You collected 674 gold pieces.

Inventory:

Hand Weapons
 a - the +10 whip of Jothrugo (weapon) {drain, rPois}
   (You found it on level 5 of the Dungeon)

   A truly terrible weapon, it drains the life of those it strikes.
   It protects you from poison.
 b - a +0 hunting sling
 C - a +0 battleaxe
 I - a +0 hand crossbow
Missiles
 g - 115 sling bullets
 h - 2 javelins (quivered)
 j - 230 stones
 B - 8 boomerangs
 O - 6 silver boomerangs
Armour
 c - a +0 shield (worn)
 r - a +0 plate armour
 u - a +4 scale mail (worn)
 E - a +0 cloak (worn)
Jewellery
 J - a ring of protection from magic (left hand)
 L - an amulet of regeneration (around neck)
 M - a +5 ring of intelligence (right hand)
 N - a +3 ring of intelligence
Scrolls
 d - 2 scrolls of enchant weapon {unknown}
 i - 2 scrolls of fog {unknown}
 k - 2 scrolls of blinking {unknown}
 l - a scroll of noise {unknown}
 t - a scroll of fear {unknown}
 w - 3 scrolls of immolation
 x - 7 scrolls of remove curse
 y - 2 scrolls of random uselessness
 F - 2 scrolls of magic mapping {unknown}
 G - a scroll of amnesia {unknown}
 K - 3 scrolls of enchant armour {unknown}
Potions
 e - 3 potions of degeneration
 m - 5 potions of cancellation
 n - a potion of berserk rage {unknown}
 o - 3 potions of haste
 p - a potion of heal wounds {unknown}
 q - a potion of magic {unknown}
 s - 2 potions of curing
 v - 3 potions of ambrosia
 z - a potion of agility {unknown}
 A - a potion of resistance {unknown}
 D - 2 potions of flight
 H - 2 potions of brilliance
 Q - a potion of lignification {unknown}
Comestibles
 f - 16 rations


   Skills:
 + Level 9.3(14.3) Fighting
 * Level 11.0(16.0) Axes
 + Level 9.1(14.1) Armour
 - Level 0.2(5.2) Dodging
 + Level 10.0(15.0) Shields


You had 10 spell levels left.
You didn't know any spells.
Your spell library contained the following spells:

 Spells                   Type           Power        Failure   Level  Hunger
 Animate Skeleton         Necr           N/A          52%         1    ##.....
 Beastly Appendage        Tmut           #.....       52%         1    ##.....
 Pain                     Necr           #...         52%         1    ##.....
 Ensorcelled Hibernation  Hex/Ice        #.....       65%         2    ###....
 Sticks to Snakes         Tmut           #.......     65%         2    ###....
 Regeneration             Chrm/Necr      #.........   87%         3    ####...
 Spider Form              Tmut/Pois      #.........   87%         3    ####...
 Vampiric Draining        Necr           #.........   87%         3    ####...
 Animate Dead             Necr           N/A          99%         4    #####..
 Ice Form                 Ice/Tmut       #.......     99%         4    #####..
 Aura of Abjuration       Summ           #.........   100%        5    ######.
 Blade Hands              Tmut           #.........   100%        5    ######.
 Ozocubu's Refrigeration  Ice            #.........   100%        6    #######
 Spellforged Servitor     Conj/Summ      #.........   100%        7    #######


Dungeon Overview and Level Annotations

Branches:
Dungeon (10/15)            Temple (1/1) D:5             Orc (0/2) D:9
   Lair: D:8-11

Altars:
Ashenzari
Cheibriados
Dithmenos
Elyvilon
Fedhas
Gozag
Hepliaklqana
Kikubaaqudgha
Makhleb
Nemelex Xobeh
Okawaru
Qazlal
Sif Muna
Trog
Uskayaw
Vehumet
Wu Jian
Xom
Yredelemnul
Zin
The Shining One

Annotations:
D:7 2 transporters, chumloofah's ghost, novice DDNe
D:10 Erolcha; Sonja


Innate Abilities, Weirdness & Mutations

You cannot be hasted, slowed, berserked, paralysed or teleported.
You can dig through walls and to a lower floor.
Your four strong arms can wield two-handed weapons with a shield.
You have a pair of large antennae on your head. (SInv)


Message History

You block the smoke demon's attack.
You whack the smoke demon!
You kill the smoke demon!
Okawaru is honoured by your kill.
Your base Axes skill increases to level 11!
The bone dragon bites you. The bone dragon claws you!
* * * LOW HITPOINT WARNING * * *
The bone dragon tramples you but does no damage.
You hit the bone dragon but do no damage.
You hit the bone dragon but do no damage.
You block the bone dragon's attack. x3
You whack the bone dragon!
The bone dragon is lightly damaged.
You hit the bone dragon but do no damage.
The bone dragon is lightly damaged.
You are feeling hungry.
The bone dragon closely misses you. The bone dragon claws you!
* * * LOW HITPOINT WARNING * * *
The bone dragon tramples you!
You die...

#. .# . # ..
. #. . .##
#. #.... #.
..##. #.# #.
#...##... #
#..#.
##..#...
#...##.##.##
#..D@##..3#
#######..##
.. # #. ## .
#.D# # . # .
# # . #.#D#
# ## .# #. #
# .. #


You could see a bone dragon.

Vanquished Creatures
  Snorg (D:10)
  2 two-headed ogres
  Nergalle (D:10)
  Pikel (D:5)
  A smoke demon (Abyss:1)
  A troll (D:8)
  Prince Ribbit (D:6)
  A fire bat (Abyss:1)
  Sigmund (D:6)
  2 hungry ghosts (D:9)
  Menkaure (D:6)
  An acid dragon (D:8)
  Duvessa (D:5)
  A two-headed ogre zombie (D:9)
  3 water moccasins
  2 ice beasts
  A necrophage (D:8)
  A hornet zombie (D:7)
  A slave (D:5)
  2 sky beasts
  A phantom (D:9)
  2 ogres
  A bullfrog (D:7)
  Blork the orc (D:4)
  Dowan (D:5)
  A scorpion (D:9)
  5 troll zombies (D:9)
  11 killer bees
  5 wights (D:9)
  5 howler monkeys
  4 crimson imps
  4 hounds
  A jelly (D:5)
  A bullfrog skeleton (D:6)
  4 orc priests
  7 orc wizards
  5 iguanas
  8 worker ants
  2 ogre zombies (D:9)
  A hound skeleton (D:4)
  A howler monkey zombie (D:5)
  A worker ant zombie (D:8)
  12 gnolls
  12 adders
  4 shadow imps
  An ooze (D:3)
  An adder skeleton (D:5)
  2 worms
  3 dart slugs
  5 leopard geckos
  24 orcs
  2 giant cockroaches
  8 goblins
  7 hobgoblins
  25 jackals
  11 kobolds
  A quokka (D:2)
  3 ball pythons
  6 bats (D:1)
  5 frilled lizards
  A goblin skeleton (D:9)
  5 goblin zombies (D:9)
  3 hobgoblin skeletons (D:9)
  3 hobgoblin zombies (D:9)
  A leopard gecko zombie (D:5)
  2 orc skeletons (D:9)
  11 orc zombies (D:9)
  5 rats
261 creatures vanquished.

Notes
Turn   | Place    | Note
-------+----------+-------------------------------------------
     0 | D:1      | PgLoLo the Formicid Fighter began the quest for the Orb.
     0 | D:1      | Reached XP level 1. HP: 18/18 MP: 1/1
   124 | D:1      | Reached XP level 2. HP: 13/24 MP: 2/2
   506 | D:1      | Reached XP level 3. HP: 25/30 MP: 3/3
  1268 | D:2      | Reached XP level 4. HP: 37/37 MP: 4/4
  1639 | D:2      | Reached skill level 3 in Axes
  1639 | D:2      | Reached XP level 5. HP: 42/42 MP: 5/5
  2962 | D:4      | Reached XP level 6. HP: 45/49 MP: 6/6
  3211 | D:4      | Reached skill level 4 in Axes
  3351 | D:4      | Reached skill level 5 in Shields
  3387 | D:4      | Found a sparkling altar of Nemelex Xobeh.
  3463 | D:4      | Noticed Blork the orc
  3471 | D:4      | Killed Blork the orc
  3565 | D:4      | Reached XP level 7. HP: 53/55 MP: 7/7
  3597 | D:4      | Found a white marble altar of Elyvilon.
  3651 | D:4      | Reached skill level 5 in Fighting
  4155 | D:5      | Entered Level 5 of the Dungeon
  4367 | D:5      | Got a crude whip
  4424 | D:5      | Reached skill level 5 in Axes
  4487 | D:5      | Noticed Duvessa
  4493 | D:5      | Noticed Dowan
  4498 | D:5      | Killed Duvessa
  4498 | D:5      | Reached skill level 5 in Armour
  4509 | D:5      | Killed Dowan
  4509 | D:5      | Reached XP level 8. HP: 48/63 MP: 8/8
  4742 | D:5      | Found a staircase to the Ecumenical Temple.
  4782 | D:5      | Noticed Pikel
  4792 | D:5      | Killed Pikel
  4792 | D:5      | Reached skill level 6 in Axes
  4792 | D:5      | Reached XP level 9. HP: 32/70 MP: 9/9
  4810 | Temple   | Entered the Ecumenical Temple
  4853 | Temple   | Became a worshipper of Warmaster Okawaru
  5291 | D:5      | Identified the +10 whip of Jothrugo {drain, rPois} (You
                  | found it on level 5 of the Dungeon)
  5723 | D:6      | Reached skill level 7 in Axes
  5724 | D:6      | Upgraded the game from 0.24-a0-474-g47c397e050 to
                  | 0.24-a0-479-g9a978d2894
  6110 | D:6      | Noticed Sigmund
  6113 | D:6      | Killed Sigmund
  6174 | D:6      | Noticed Menkaure
  6194 | D:6      | Killed Menkaure
  6194 | D:6      | Reached * piety under Okawaru
  6521 | D:6      | Noticed Prince Ribbit
  6654 | D:6      | Found a blossoming altar of Fedhas.
  6662 | D:6      | Killed Prince Ribbit
  6840 | D:7      | Found a transporter.
  6855 | D:7      | Noticed a moth of wrath
  6876 | D:7      | Reached skill level 8 in Axes
  6977 | D:7      | Noticed chumloofah's ghost (novice DDNe)
  7309 | D:7      | Found a transporter.
  7548 | D:8      | Reached XP level 10. HP: 72/78 MP: 10/10
  7702 | D:8      | Identified the Tome of Ice and Companions
  7735 | D:8      | Reached ** piety under Okawaru
  8076 | D:8      | Reached skill level 9 in Axes
  8687 | D:9      | Found a staircase to the Orcish Mines.
  8812 | D:9      | Reached *** piety under Okawaru
  8877 | D:9      | Noticed a two-headed ogre
  8898 | D:9      | Killed a two-headed ogre
  9313 | D:9      | Reached skill level 10 in Axes
  9313 | D:9      | Reached XP level 11. HP: 86/86 MP: 11/11
  9372 | D:9      | Found a glowing silver altar of Zin.
  9375 | D:9      | Found a deep blue altar of Sif Muna.
  9378 | D:9      | Found a burning altar of Makhleb.
  9636 | D:9      | Found a hide-covered altar of Uskayaw.
  9709 | D:10     | Entered Level 10 of the Dungeon
  9767 | D:10     | Noticed a two-headed ogre
  9779 | D:10     | Killed a two-headed ogre
  9779 | D:10     | Reached **** piety under Okawaru
  9789 | D:10     | Noticed Snorg
  9809 | D:10     | Killed Snorg
  9907 | D:10     | Noticed Nergalle
  9924 | D:10     | Killed Nergalle
  9946 | D:10     | Received a gift from Okawaru
 10085 | D:10     | Reached skill level 10 in Shields
 10104 | D:10     | Noticed Sonja
 10215 | D:10     | Noticed Erolcha
 10226 | D:10     | Cast into level 1 of the Abyss (Erolcha)
 10281 | Abyss:1  | Noticed a bone dragon
 10333 | Abyss:1  | Reached skill level 11 in Axes
 10337 | Abyss:1  | Slain by a bone dragon

Levels and vault maps discovered:
D:1:      roderic_crossed_star, layout_loops_corners, minmay_pentomino_s4
D:2:      layout_loops_corners
D:3:      layout_basic
D:4:      layout_rooms, nemelex_xobeh_ov_fountains_minmay, elyvilon_altar_1,
          first_ration, minmay_misc_feat_rows, uniq_blork_the_orc
D:5:      layout_basic, minmay_temple_entry_statues, uniq_pikel, uniq_duvessa
D:6:      layout_loops_corners, fedhas_altar_fruit_tree, uniq_menkaure,
          uniq_prince_ribbit1, uniq_sigmund
D:7:      layout_basic, gammafunk_ghost_berserking_beasts, dk_rats_in_the_wall
D:8:      layout_cave_pools, serial_column_ruins, column_ruins_columns_corner,
          column_ruins_open_tiny, column_ruins_grid_1, column_ruins_grid_3,
          column_ruins_columns_straight, column_ruins_columns_straight
D:9:      layout_gridville, grunt_temple_overflow_diamond,
          nicolae_overflow_hidden_temple, zombieorc2_lemuel
D:10:     layout_roguey, grunt_tengu_nest, uniq_sonja, uniq_nergalle,
          uniq_snorg, uniq_erolcha
Temple:   dpeg_chambers_temple
Abyss:1

Skill      XL: |  1  2  3  4  5  6  7  8  9 10 11 |
---------------+----------------------------------+-----
Shields        | 4 5 6 7 9 10 | 10.0
Fighting       | 4 5 6 7 8 9 |  9.3
Axes           | 3 4 5 6 8 10 11 | 11.0
Armour         | 4 5 6 7 8 9 |  9.1
Dodging        | |  0.2

Action                   |  1- 3 |  4- 6 |  7- 9 | 10-12 || total
-------------------------+-------+-------+-------+-------++-------
Melee: War axe           |   121 |    24 |       |       ||   145
       Battleaxe         |       |   157 |   157 |       ||   314
       Whip              |       |       |   138 |   393 ||   531
Throw: Javelin           |       |       |       |     1 ||     1
Invok: Heroism           |       |       |       |     2 ||     2
 Abil: Dig               |       |       |     1 |     1 ||     2
  Use: Scroll            |       |       |     5 |     7 ||    12
       Potion            |       |       |     3 |       ||     3
  Eat: Chunk             |     1 |     8 |    13 |     6 ||    28
       Ration            |       |       |       |     2 ||     2
Armor: Scale mail        |    62 |    94 |    95 |   148 ||   399
Dodge: Dodged            |    41 |    71 |    94 |   124 ||   330
Block: Shield            |    54 |    99 |   155 |   247 ||   555

Table legend:
 A = Non-vault XP
 B = Vault XP
 C = Vault XP percentage of total XP
 D = Non-vault monster count
 E = Vault monster count
 F = Vault count percentage of total count
                 A         B        C        D         E       F
            +---------+---------+-------+---------+---------+-------
      Total |    7821 |    4504 |  36.5 |     213 |      47 |  18.1
            +---------+---------+-------+---------+---------+-------
        D:1 |      58 |       3 |   4.9 |      28 |       2 |   6.7
        D:2 |     111 |       0 |   0.0 |      20 |       0 |   0.0
        D:3 |      96 |       0 |   0.0 |      18 |       0 |   0.0
        D:4 |     315 |      90 |  22.2 |      18 |       1 |   5.3
        D:5 |     678 |     869 |  56.2 |      30 |       3 |   9.1
        D:6 |     491 |     652 |  57.0 |      18 |       3 |  14.3
        D:7 |     557 |       0 |   0.0 |      18 |       0 |   0.0
        D:8 |     974 |       0 |   0.0 |      19 |       0 |   0.0
        D:9 |    2304 |     910 |  28.3 |      28 |      36 |  56.2
       D:10 |    1621 |    1980 |  55.0 |      14 |       2 |  12.5
    Abyss:1 |     616 |       0 |   0.0 |       2 |       0 |   0.0
            +---------+---------+-------+---------+---------+-------
